 Dungeon Crawl Stone Soup version 0.29.1-1-gd02db6906a (webtiles) character file.

Game seed: 16408681619612237506

147 LustLizard the Trooper (level 5, -3/42 HPs)
             Began as a Demonspawn Fighter on Oct 3, 2022.
             Slain by Ijyb
             ... wielding a +8 club
              (4 damage)
             ... on level 3 of the Dungeon.
             The game lasted 00:02:46 (2015 turns).

LustLizard the Trooper (Demonspawn Fighter)         Turns: 2015, Time: 00:02:46

Health: -3/42      AC: 10    Str: 17    XL:     5   Next: 8%
Magic:  5/5        EV:  9    Int:  9    God:
Gold:   102        SH:  9    Dex: 14    Spells: 4/4 levels left

rFire   . . .      SeeInvis .   a - +0 long sword
rCold   . . .      Faith    .   c - +0 buckler
rNeg    . . .      Spirit   .   b - +0 scale mail
rPois   .          Reflect  .   (no helmet)
rElec   .          Harm     .   (no cloak)
rCorr   .          Rampage  .   h - +0 pair of gloves
Will    .....                   (no boots)
Stlth   ..........              (no amulet)
HPRegen 0.14/turn               (no ring)
MPRegen 0.09/turn               (no ring)

@: no status effects
A: hooves 1, yellow scales 1, powered by pain 1, condensation shield
a: no special abilities


You were on level 3 of the Dungeon.
You visited 1 branch of the dungeon, and saw 3 of its levels.

You collected 102 gold pieces.

Inventory:

Hand Weapons
 a - a +0 long sword (weapon)
Missiles
 f - 5 poisoned darts (quivered)
 o - 19 stones
Armour
 b - a +0 scale mail (worn)
 c - a +0 buckler (worn)
 h - a +0 pair of gloves (worn)
Scrolls
 j - a scroll of poison {unknown}
 k - a scroll of fear {unknown}
 m - a scroll of enchant weapon {unknown}
 n - a scroll of magic mapping {unknown}
 p - a scroll of identify
 t - a scroll of torment {unknown}
 u - a scroll of silence {unknown}
 w - a scroll of amnesia {unknown}
Potions
 d - 4 potions of might
 e - a potion of haste {unknown}
 g - a potion of ambrosia {unknown}
 i - 2 potions of brilliance {unknown}
 l - 2 potions of cancellation
 q - 2 potions of magic
 r - a potion of heal wounds {unknown}
 s - a potion of flight {unknown}
 v - 2 potions of berserk rage {unknown}


   Skills:
 + Level 3.7 Fighting
 * Level 3.3 Long Blades
 + Level 3.3 Armour
 + Level 3.3 Shields


You had 4 spell levels left.
You didn't know any spells.
Your spell library was empty.

Dungeon Overview and Level Annotations

Branches:
Dungeon (3/15)

Altars:

Annotations:
D:3 Ijyb


Innate Abilities, Weirdness & Mutations

You have large cloven feet.
You are partially covered in yellow scales. (AC +2)
You sometimes gain a little power by taking damage.
A meltable shield of frost defends you. (SH +4)


Message History

You hit the ball python. You kick the ball python.
You kill the ball python!
No target in view!
A bat comes into view.
You block the bat's attack.
A bat is nearby!
You slash the bat!
You kill the bat!
No target in view!
No target in view!
Found a stone staircase leading down.
You now have 102 gold pieces (gained 10).
Found a stone staircase leading up.
w - a scroll labelled ZOCUB EFIWNAF Ijyb the Twisted Goblin comes into view.
She is wielding a +8 club and carrying a wand of quicksilver (7).
Ijyb shouts!
Ijyb is nearby!
Ijyb screams, "No!
No, no, no, no!"
Ijyb zaps a wand.
The bolt of dispelling energy hits you! Ijyb hits you but does no damage.
You hit Ijyb. You kick Ijyb, but do no damage.
Ijyb is lightly wounded.
Ijyb hits you with a +8 club.
You slash Ijyb! You kick Ijyb.
Ijyb is severely wounded.
Ijyb zaps a wand.
The bolt of dispelling energy hits you!
You hit Ijyb.
Ijyb is severely wounded.
Ijyb zaps a wand.
The bolt of dispelling energy hits you!
* * * LOW HITPOINT WARNING * * *
You hit Ijyb but do no damage. You kick Ijyb, but do no damage.
Ijyb is severely wounded.
Ijyb hits you with a +8 club.
* * * LOW HITPOINT WARNING * * *
Ijyb zaps a wand.
The bolt of dispelling energy hits you.
* * * LOW HITPOINT WARNING * * *
You hit Ijyb but do no damage.
Ijyb is severely wounded.
Ijyb hits you with a +8 club.
You die...

#+# # #.###. ####....
#.....# ##.##.#
##.....#######
#............#
#.....@g.....# #..
####............#
#.######...............#
..............##########
#.###...#######
#.###.### ......####
..###....# ...<#.##.#


You could see Ijyb.

Vanquished Creatures
  9 adders
  A worm (D:3)
  8 ball pythons
  8 endoplasms
  3 giant cockroaches
  7 goblins
  3 hobgoblins
  8 kobolds
  3 quokkas
  5 bats
  A frilled lizard (D:2)
  4 rats
60 creatures vanquished.

Notes
Turn   | Place    | Note
-------+----------+-------------------------------------------
     0 | D:1      | LustLizard the Demonspawn Fighter began the quest for the
                  | Orb.
     0 | D:1      | Reached XP level 1. HP: 18/18 MP: 1/1
   249 | D:1      | Gained mutation: You have large cloven feet. [demonic
                  | ancestry]
   249 | D:1      | Reached XP level 2. HP: 19/24 MP: 2/2
   650 | D:1      | Found a faded altar of an unknown god.
   866 | D:2      | Gained mutation: You are partially covered in yellow
                  | scales. (AC +2) [demonic ancestry]
   866 | D:2      | Reached XP level 3. HP: 29/29 MP: 3/3
  1137 | D:2      | Gained mutation: A meltable shield of frost defends you.
                  | (SH +4) [demonic ancestry]
  1137 | D:2      | Reached XP level 4. HP: 22/35 MP: 4/4
  1902 | D:3      | Gained mutation: You sometimes gain a little power by
                  | taking damage. [demonic ancestry]
  1902 | D:3      | Reached XP level 5. HP: 35/42 MP: 5/5
  2006 | D:3      | Noticed Ijyb
  2014 | D:3      | HP: 1/42 [Ijyb/bolt of dispelling energy (2)]
  2015 | D:3      | Slain by Ijyb

Illustrated notes

Levels and vault maps discovered:
D:1:      dpeg_arrival_long_road, layout_rooms,
          shapermc_ecumenical_altar_flowoftime
D:2:      minmay_recursive_quarters, layout_rooms
D:3:      layout_basic, kennysheep_generic_room_4, uniq_ijyb

Skill      XL: |  1  2  3  4 |
---------------+-------------+-----
Long Blades    | 2 3 |  3.3
Armour         | 3 |  3.3
Shields        | 3 |  3.3
Fighting       | |  3.7

Action                   |  1- 3 |  4- 6 || total
-------------------------+-------+-------++-------
Melee: Long sword        |   110 |    72 ||   182
       Kick              |    16 |    17 ||    33
  Use: Scroll            |       |     2 ||     2
Armor: Scale mail        |    51 |    31 ||    82
Dodge: Dodged            |    63 |    26 ||    89
Block: Buckler           |    34 |    37 ||    71
